 Dungeon Crawl Stone Soup version 0.19.1 (webtiles) character file.

41 Dfrag the Firebug (level 3, 2/24 HPs)
             Began as a Demonspawn Fire Elementalist on Nov 29, 2016.
             Quit the game on level 2 of the Dungeon.
             The game lasted 00:01:04 (815 turns).

Dfrag the Firebug (Demonspawn Fire Elementalist)     Turns: 815, Time: 00:01:04

Health: 2/24       AC:  2    Str:  8    XL:     3   Next: 32%
Magic:  0/6        EV: 11    Int: 17    God:
Gold:   71         SH:  0    Dex: 13    Spells: 1 memorised, 6 levels left

rFire  . . .     SeeInvis .     e - +0 short sword
rCold  . . .     Gourm    .     a - +0 robe
rNeg   . . .     Faith    .     (no shield)
rPois  .         Spirit   .     (helmet restricted)
rElec  .         Reflect  .     (no cloak)
rCorr  .         Harm     .     (no gloves)
MR     .....                    (no boots)
Stlth  ++........               (no amulet)
                                (no ring)
                                (no ring)

@: drained
A: horns 1, demonic guardian 1
a: no special abilities


You were on level 2 of the Dungeon.
You were not hungry.

You visited 1 branch of the dungeon, and saw 2 of its levels.

You collected 71 gold pieces.

Inventory:

Hand Weapons
 e - a +0 short sword (weapon)
Armour
 a - a +0 robe (worn)
Wands
 k - a wand of digging (8/24)
Scrolls
 d - 2 scrolls of random uselessness {unknown}
 g - 2 scrolls of teleportation {unknown}
 h - a scroll of fog {unknown}
 i - a scroll of recharging {unknown}
 j - 2 scrolls of identify {unknown}
 m - 2 scrolls of remove curse {unknown}
Potions
 l - a potion of might {unknown}
Books
 b - a book of Flames

   Spells                             Type                      Level
   a - Flame Tongue                   Conjuration/Fire             1
   b - Throw Flame                    Conjuration/Fire             2
   c - Conjure Flame                  Conjuration/Fire             3
   d - Inner Flame                    Hexes/Fire                   3
   e - Sticky Flame                   Conjuration/Fire             4
   f - Fireball                       Conjuration/Fire             5
Comestibles
 c - 2 bread rations
 f - 3 meat rations


   Skills:
 - Level 1.7(0.9) Dodging
 - Level 1.7(0.9) Stealth
 + Level 2.5(1.6) Spellcasting
 + Level 1.9(1.0) Conjurations
 + Level 3.3(2.4) Fire Magic


You had 6 spell levels left.
You knew the following spells:

 Your Spells              Type           Power        Failure   Level  Hunger
a - Flame Tongue          Conj/Fire      #....        12%         1    ##.....


Dungeon Overview and Level Annotations

Branches:
Dungeon (2/15)

Altars:


Innate Abilities, Weirdness & Mutations

You have a pair of small horns on your head.
A weak demonic guardian rushes to your aid.


Message History

Terence is heavily wounded.
Terence hits you with a hand axe of draining.
* * * LOW HITPOINT WARNING * * *
You feel drained.
Casting: Flame Tongue
Confirm with . or Enter, or press ? or * to list all spells.
Aiming: Flame Tongue
Press: ? - help, Shift-Dir - straight line, f/p - Terence
Aim: Terence, wielding a hand axe of draining and wearing a ring mail (heavily wounded)
The flame tongue hits Terence.
You kill Terence!
You have reached level 3!
Your experience leads to an increase in your attributes!
Increase (S)trength, (I)ntelligence, or (D)exterity?
You feel clever.
Your demonic ancestry asserts itself...
You feel the presence of a demonic guardian.
Things that are here:
a hand axe of draining; a ring mail; the human corpse of Terence
Okay, then.
Are you sure you want to abandon this character and quit the game? (Confirm with "yes".)

#.......#.##
#.......#.#
#.......#.#
##.......#.#
#........#.#
#........#.#
#........#.#
#...##'###.# #...
#..##@# ###
##.##.# ######
#..#.#
####....#####.#.#
.......<..# #...#
####.####.# ##..#
#.# #..# #.# ##>#
#.# #.#


There were no monsters in sight!

Vanquished Creatures
  Terence (D:2)
  2 leopard geckos (D:1)
  A giant cockroach (D:1)
  3 goblins (D:1)
  2 bats (D:1)
  4 frilled lizards
  3 kobolds
  3 rats (D:1)
19 creatures vanquished.

Notes
Turn   | Place    | Note
-------+----------+-------------------------------------------
     0 | D:1      | Dfrag the Demonspawn Fire Elementalist began the quest for the Orb.
     0 | D:1      | Reached XP level 1. HP: 13/13 MP: 3/3
   360 | D:1      | Reached skill level 3 in Fire Magic
   379 | D:1      | Gained mutation: You have a pair of small horns on your head. [demonic ancestry]
   379 | D:1      | Reached XP level 2. HP: 9/19 MP: 0/5
   713 | D:2      | Noticed Terence
   813 | D:2      | Killed Terence
   813 | D:2      | Gained mutation: A weak demonic guardian rushes to your aid. [demonic ancestry]
   813 | D:2      | Reached XP level 3. HP: 2/24 MP: 0/6
   815 | D:2      | Quit the game

Skill      XL: |  1 |
---------------+----+-----
Fire Magic     | 3 |  3.3
Dodging        | |  1.7
Stealth        | |  1.7
Spellcasting   | |  2.5
Conjurations   | |  1.9

Action                   || total
-------------------------++-------
Melee: Unarmed           ||    11
       Short sword       ||    25
       Headbutt          ||     3
 Cast: Flame Tongue      ||    22
 Stab: Sleeping          ||     1
Armor: Robe              ||     6
Dodge: Dodged            ||    34
